AoeStats
← LM | TornardoBriese

Arabian Desert

509681547Analyzed
1v1 RM · 4d ago on Sep 27, 2026· 51m 5s· 2 players
Game mode
Random Map
Map size
Tiny (2 player)
Population
200
Speed
Normal
Resources
Standard
Victory
Conquest
Starting age
Dark Age
Ending age
Imperial Age
RankedLock teamsTeams togetherTeam positionsShared explorationLock speedFull tech treeHidden civsTurbo modeCheats
Victory
Defeat
🇦🇷 Inca · Argentina
1207
+15
🇨🇭 Muisca · Switzerland
1180
-15
LM | TornardoBriese
6:51 Loom
9:02 Feudal Age
9:52 Champi Runner
18:35 Scale Mail Armor
20:05 Forging
22:56 Wheelbarrow
22:38 Double-Bit Axe
22:37 Horse Collar
26:02 Castle Age
27:01 Chain Mail Armor
26:11 Champi Warrior
27:23 Squires
29:55 Town Watch
31:46 Iron Casting
37:23 Bow Saw
41:06 Fletching
41:14 Crossbowman
41:51 Bodkin Arrow
41:56 Padded Archer Armor
43:42 Ballistics
44:28 Thumb Ring
50:03 Imperial Age
49:13 Gold Mining
50:13 Elite Temple Guard
|ZY|_Tass ツ
6:30 Loom
9:18 Feudal Age
10:16 Double-Bit Axe
10:37 Champi Runner
13:39 Scale Mail Armor
16:00 Forging
20:45 Horse Collar
24:34 Castle Age
23:06 Gold Mining
25:07 Champi Warrior
25:48 Squires
26:44 Iron Casting
28:48 Chain Mail Armor
34:00 Bow Saw
37:18 Wheelbarrow
36:28 Town Watch
37:22 Gold Shaft Mining
44:21 Imperial Age
43:00 Hand Cart
42:45 Town Patrol
43:01 Town Patrol
44:48 Elite Champi Warrior
45:48 Heavy Plow
46:26 Conscription
46:23 Fabric Shields
49:53 Crop Rotation
50:10 Plate Mail Armor
50:40 Blast Furnace
51:27 Arson
Connection lost

Rejoining the realm…

Still unreachable

The connection could not be restored.

Session expired

The server has moved on; the page needs a fresh start.